 Dungeon Crawl Stone Soup version 0.21.1-1-g345015fe64 (webtiles) character file.

88064 Ilves the Tortoise (level 15, -7/139 HPs)
             Began as a Hill Orc Berserker on Apr 24, 2018.
             Was the Champion of Trog.
             Killed from afar by a deep elf annihilator (48 damage)
             ... with a crystal spear
             ... on level 3 of the Elven Halls on Apr 25, 2018.
             The game lasted 01:35:46 (36491 turns).

Ilves the Tortoise (Hill Orc Berserker)            Turns: 36491, Time: 01:35:46

Health: -7/139     AC: 26    Str: 23    XL:     15   Next: 92%
Magic:  0/15       EV:  9    Int:  7    God:    Trog [******]
Gold:   2599       SH:  0    Dex: 14    Spells: 14/14 levels left

rFire    + . .     SeeInvis .   v - +1 executioner's axe "Hokajasa" {flame, rN+}
rCold    . . .     Gourm    .   (shield currently unavailable)
rNeg     + + .     Faith    +   F - +0 plate armour {rF+}
rPois    .         Spirit   +   R - +2 hat of the Bear Spirit {Spirit, +Rage rN+ MR++}
rElec    .         Reflect  .   (no cloak)
rCorr    .         Harm     .   V - +1 pair of gloves
MR       +++..                  a - +1 pair of boots {Fly}
Stlth    ..........             y - amulet of faith
HPRegen  0.33/turn              X - +4 ring of slaying
MPRegen  0.14/turn              h - +5 ring of slaying

@: no status effects
A: no striking features
a: Berserk, Trog's Hand, Brothers in Arms, Burn Spellbooks, Renounce Religion,
Evoke Berserk Rage, Evoke Flight


You were on level 3 of the Elven Halls.
You worshipped Trog.
Trog was exalted by your worship.
You were not hungry.

You visited 4 branches of the dungeon, and saw 25 of its levels.
You also visited: Labyrinth.

You collected 2599 gold pieces.

Inventory:

Hand Weapons
 v - the +1 executioner's axe "Hokajasa" (weapon) {flame, rN+}
   (You acquired it on level 4 of the Lair of Beasts)

   It has been specially enchanted to burn those struck by it, causing extra
   injury to most foes and up to half again as much damage against particularly
   susceptible opponents.
   Big, fiery blades are also staple armaments of hydra-hunters.
   It protects you from negative energy.
 B - a +3 war axe of electrocution
 C - the +8 falchion of Conscience {elec, +Blink Int+2 Dex+2}
   (You found it on level 5 of the Dungeon)

   Occasionally, upon striking a foe, it will discharge some electrical energy
   and cause terrible harm.
   It affects your intelligence (+2).
   It affects your dexterity (+2).
   It lets you blink.
Armour
 a - a +1 pair of boots of flying (worn)
 F - a +0 plate armour of fire resistance (worn)
 R - the +2 hat of the Bear Spirit (worn) {Spirit, +Rage rN+ MR++}
   (You found it on level 12 of the Dungeon)

   It protects you from negative energy.
   It affects your resistance to hostile enchantments.
   It lets you go berserk.
 V - a +1 pair of gloves (worn)
Jewellery
 e - an uncursed amulet of guardian spirit {unknown}
 h - a +5 ring of slaying (right hand)
 k - an uncursed ring of see invisible
 u - an uncursed amulet of guardian spirit {unknown}
 w - a +6 ring of dexterity
 x - an uncursed amulet of regeneration {unknown}
 y - an amulet of faith (around neck)
 A - an uncursed amulet of harm {unknown}
 D - an uncursed ring of resist corrosion
 E - a +3 ring of dexterity
 I - an uncursed ring of protection from fire
 N - an uncursed amulet of harm {unknown}
 O - a +4 ring of protection
 W - the ring of Ereus {Wiz rElec rPois}
   (You found it in a labyrinth)

   [ring of wizardry]

   It improves your spell success rate.
   It insulates you from electricity.
   It protects you from poison.
 X - a +4 ring of slaying (left hand)
 Z - an uncursed amulet of the gourmand {unknown}
Wands
 p - a wand of digging (6)
 H - a wand of iceblast (18)
 S - a wand of acid (12)
 U - a wand of scattershot (9)
Scrolls
 f - 7 scrolls of enchant armour
 g - a scroll of fear {unknown}
 n - 8 scrolls of teleportation
 o - 7 scrolls of remove curse
 q - 5 scrolls of enchant weapon
 t - 5 scrolls of noise
 z - a scroll of magic mapping
 G - 2 scrolls of blinking
 K - 2 scrolls of fog
 M - a scroll of silence {unknown}
 Q - a scroll of summoning
Potions
 b - a potion of haste
 d - 3 potions of magic
 i - 15 potions of curing
 j - 7 potions of heal wounds
 l - 3 potions of ambrosia
 m - 5 potions of might
 r - 2 potions of agility
 s - 2 potions of resistance
 J - 4 potions of mutation {unknown}
 P - 2 potions of berserk rage {unknown}
 T - a potion of brilliance
 Y - 4 potions of cancellation
Books
 L - a Young Poisoner's Handbook

   Spells                             Type                      Level
   a - Sting                          Conjuration/Poison           1
   b - Poisonous Vapours              Poison/Air                   2
   c - Mephitic Cloud                 Conjuration/Poison/Air       3
   d - Olgreb's Toxic Radiance        Poison                       4
   e - Venom Bolt                     Conjuration/Poison           5
   Trog disapproves of the use of such an item.
Comestibles
 c - 29 rations


   Skills:
 - Level 14.7 Fighting
 - Level 12.4(12.5) Axes
   Level 1.0(6.8) Maces & Flails
 * Level 18.8 Armour
 - Level 1.5 Dodging
   Level 15.1 Shields


You had 14 spell levels left.
You didn't know any spells.

Dungeon Overview and Level Annotations

Branches:
Dungeon (14/15)            Temple (0/1) D:5            Lair (6/6) D:9
 Shoals (0/4) Lair:2       Spider (0/4) Lair:3        Slime (0/5) Lair:5
    Orc (2/2) D:10            Elf (3/3) Orc:2        Vaults (0/5) D:14

Altars:
Fedhas
Makhleb
Okawaru
Qazlal
Trog
Wu Jian
Xom
Yredelemnul
Jiyva

Shops:
D:10 (   Orc:2 [=}%(


Message History

The deep elf annihilator is engulfed in freezing vapours.
The deep elf annihilator casts a spell at you.
The crystal spear hits you!
A deep elf annihilator comes into view.
It is wielding a twisted short sword {pierce}.
You are engulfed in freezing vapours.
* * * LOW HITPOINT WARNING * * *
The deep elf annihilator shouts!
The deep elf annihilator casts a spell at you.
The crystal spear hits your deep troll.
The deep elf annihilator is engulfed in freezing vapours.
The deep elf annihilator barely misses you.
You feel much better.
You are engulfed in freezing vapours.
* * * LOW HITPOINT WARNING * * *
Your deep troll bites the deep elf annihilator!
Your deep troll barely misses the deep elf annihilator.
Your deep troll misses the deep elf annihilator.
The deep elf annihilator is engulfed in freezing vapours.
The deep elf annihilator casts a spell at you.
The crystal spear hits you!
You die...

.## *,**,,,,,,,e.§,,,,,,,**,* ..#
*,***,######e######,**,,* ..##*,*
*.#...≈≈e≈≈...##*,,,*
...#*,***.....≈≈T≈≈e....,,,,*
..##*,,,**#..e§≈)§§e..#****,* ..#
*,,,* #...≈§.≈§e..#****,* .##
*,,,* *****#(#******,,,,***** .#
***'*******#e#*********,**,,,
####*,,,,,,,,,*#@#*,,,,,,,,,**,**
...#*,,,,,,,,,*#.#*,,,,,,,,,**,*
##.#*,,,,,,,,,*#.#*,,,,,,,,,**,*
#.#*,,,,,,,,,*#.#*,,,,,,,,,**,*
#.#**********##.##***********,*
#.# ##)..## *,*
#.###########..#..##########*,*
#.............###...........,,*
############### ############***


You could see 2 deep elf annihilators, a deep elf elementalist and a friendly
deep troll (berserk).

Vanquished Creatures
  Rupert (D:13)
  Gastronok (D:8)
  A deep elf demonologist (Elf:3)
  2 deep elf death magi (Elf:1)
  A fire dragon (Lair:6)
  Snorg (D:11)
  A minotaur (Lab)
  2 deep elf high priests
  Harold (D:11)
  7 hydras
  A catoblepas (Lair:5)
  A centaur warrior (D:13)
  4 two-headed ogres
  2 dancing weapons
  A death yak (Lair:5)
  3 orc high priests (Orc:2)
  A fire crab (shapeshifter) (Orc:2)
  A fire crab (Lair:6)
  An unseen horror (D:12)
  A deep elf archer (Elf:2)
  6 orc knights
  A cyclops (D:11)
  2 ugly things (D:11)
  21 deep elf magi
  3 orc sorcerers
  3 slime creatures (D:13)
  6 black mambas
  8 elephants
  A torpor snail (Lair:1)
  The ghost of dengdeng the Slasher, a novice MiBe of Trog (D:6)
  A centaur zombie (D:9)
  Psyche (D:9)
  3 molten gargoyles (Lair:6)
  4 spiny frogs
  7 rime drakes
  2 kobold demonologists (D:13)
  16 komodo dragons
  An efreet (D:13)
  5 trolls
  A hornet (D:11)
  7 hippogriffs
  18 blink frogs
  A polar bear (Lair:6)
  4 dream sheep
  A spriggan (D:7)
  A shadow (D:12)
  An air elemental (Elf:3)
  2 water elementals (Elf:1)
  9 wyverns
  25 yaks
  6 basilisks
  Grum (D:7)
  2 steam dragons (Lair:6)
  A fire elemental (Elf:1)
  2 vampire mosquitoes
  2 wargs (Orc:1)
  A soldier ant (D:13)
  5 porcupines
  15 water moccasins
  3 hell hounds (Lair:6)
  23 orc warriors
  6 ice beasts
  3 sky beasts
  A necrophage (D:9)
  2 black bears
  2 phantoms
  10 ogres
  8 centaurs
  10 wolves
  The ghost of Dox the Magician, an amateur HuWz (D:3)
  15 crocodiles
  7 big kobolds
  16 bullfrogs
  2 wyvern zombies
  A scorpion (Lair:3)
  21 killer bees
  An electric eel (Lair:5)
  9 howler monkeys
  9 crimson imps
  A bullfrog zombie (D:13)
  5 jellies
  5 lava snakes (Lair:6)
  A quasit (D:8)
  3 hounds
  14 orc priests
  A bullfrog skeleton (D:9)
  A gnoll shaman (D:6)
  20 orc wizards
  5 centaur skeletons
  Ijyb (D:3)
  Natasha (twice) (D:3)
  2 iguanas
  10 hell rats
  7 worker ants
  A killer bee zombie (D:9)
  2 hound zombies (D:6)
  A hound skeleton (D:4)
  A howler monkey zombie (D:6)
  A howler monkey skeleton (D:4)
  4 worker ant zombies
  6 gnolls
  15 adders
  4 river rats (Lair:4)
  4 oozes
  An adder zombie (D:5)
  2 worms
  4 dart slugs
  3 leopard geckos
  92 orcs
  7 giant cockroaches
  7 goblins
  5 hobgoblins
  6 jackals
  10 quokkas
  7 bats
  14 frilled lizards
  A giant cockroach zombie (D:2)
  A jackal zombie (D:7)
  29 kobolds
  A leopard gecko skeleton (D:7)
  20 rats
  4 fungi
  2 plants
714 creatures vanquished.

Vanquished Creatures (collateral kills)
  A deep elf sorcerer (Elf:3)
  2 deep elf elementalists (Elf:3)
  2 deep elf demonologists (Elf:3)
  A deep elf death mage (Elf:3)
  4 oklob plants (Lair:5)
10 creatures vanquished.

Vanquished Creatures (others)
  A deep elf knight (Elf:1)
  2 blink frogs (Lair:2)
  2 orc priests (Orc:2)
  2 orc wizards (Orc:2)
  An orc (Orc:2)
  A bush (Lair:6)
  45 fungi
  30 plants
84 creatures vanquished.

Grand Total: 808 creatures vanquished

Notes
Turn   | Place    | Note
-------+----------+-------------------------------------------
     0 | D:1      | Ilves the Hill Orc Berserker began the quest for the Orb.
     0 | D:1      | Reached XP level 1. HP: 19/19 MP: 1/1
    40 | D:1      | Reached XP level 2. HP: 7/27 MP: 2/2
   531 | D:1      | Reached XP level 3. HP: 24/33 MP: 3/3
   727 | D:1      | Reached skill level 5 in Axes
  1188 | D:2      | Reached ** piety under Trog
  1188 | D:2      | Reached XP level 4. HP: 40/41 MP: 4/4
  1864 | D:2      | Reached XP level 5. HP: 47/47 MP: 5/5
  2348 | D:3      | Noticed Natasha
  2360 | D:3      | Killed Natasha
  2360 | D:3      | Reached skill level 5 in Fighting
  2512 | D:3      | Found a faded altar of an unknown god.
  2669 | D:3      | Noticed Ijyb
  2705 | D:3      | Killed Ijyb
  2901 | D:3      | Found a basalt altar of Yredelemnul.
  2901 | D:3      | Noticed Natasha
  2910 | D:3      | Killed Natasha
  3065 | D:3      | Noticed a centaur
  3073 | D:3      | Killed a centaur
  3073 | D:3      | Reached XP level 6. HP: 48/56 MP: 6/6
  3255 | D:3      | Noticed Dox's ghost (amateur HuWz)
  3268 | D:3      | Killed Dox's ghost
  3717 | D:4      | Found a stormy altar of Qazlal.
  3844 | D:4      | Reached XP level 7. HP: 56/62 MP: 7/7
  3852 | D:4      | Found an ornate altar of the Wu Jian Council.
  3962 | D:4      | Found a burning altar of Makhleb.
  3995 | D:4      | Reached *** piety under Trog
  4374 | D:5      | Entered Level 5 of the Dungeon
  4535 | D:5      | Found a staircase to the Ecumenical Temple.
  4801 | D:5      | Reached skill level 10 in Axes
  5047 | D:5      | Got a shimmering falchion
  5116 | D:5      | Reached XP level 8. HP: 63/71 MP: 8/8
  5556 | D:6      | Noticed dengdeng's ghost (novice MiBe)
  5678 | D:6      | Killed dengdeng's ghost
  5746 | D:5      | Identified the +8 falchion of Conscience {elec, +Blink Int+2 Dex+2} (You found it on level 5 of the Dungeon)
  5814 | D:6      | Reached skill level 1 in Shields
  5961 | D:6      | Reached XP level 9. HP: 74/82 MP: 9/9
  6871 | D:7      | Found a blossoming altar of Fedhas.
  7025 | D:7      | Reached **** piety under Trog
  7241 | D:8      | Noticed Grum
  7382 | D:7      | Reached skill level 10 in Fighting
  7568 | D:7      | Killed Grum
  7633 | D:8      | Noticed Gastronok
  7644 | D:8      | Killed Gastronok
  7644 | D:8      | Reached XP level 10. HP: 98/99 MP: 10/10
  7853 | D:8      | Reached skill level 5 in Shields
  8394 | D:9      | Found a staircase to the Lair.
  8411 | D:9      | Noticed a two-headed ogre
  8551 | D:9      | Killed a two-headed ogre
  8833 | D:9      | Noticed Psyche
  8846 | D:9      | Killed Psyche
  8923 | D:9      | Noticed a moth of wrath
  8928 | D:9      | Found a bloodstained altar of Trog.
  9027 | D:9      | Reached XP level 11. HP: 91/110 MP: 11/11
  9153 | D:9      | Found an iron altar of Okawaru.
  9232 | D:9      | Reached ***** piety under Trog
  9305 | D:9      | Noticed a two-headed ogre
  9320 | D:9      | Killed a two-headed ogre
  9612 | D:10     | Entered Level 10 of the Dungeon
  9639 | D:10     | Found a staircase to the Orcish Mines.
  9918 | D:10     | Received a gift from Trog
 10034 | D:10     | Found Afrodyel's Antique Weapon Boutique.
 11112 | D:10     | Reached skill level 10 in Shields
 12239 | D:11     | Noticed Snorg
 12251 | D:11     | Killed Snorg
 12254 | D:11     | Reached XP level 12. HP: 95/118 MP: 12/12
 12578 | D:11     | Noticed Harold
 12589 | D:11     | Killed Harold
 13033 | D:11     | Received a gift from Trog
 13624 | D:12     | Found the +2 hat of the Bear Spirit {Spirit, +Rage rN+ MR++}
 14048 | D:12     | Noticed a two-headed ogre
 14077 | D:11     | Killed a two-headed ogre
 14748 | D:12     | Noticed a two-headed ogre
 14763 | D:12     | Killed a two-headed ogre
 15589 | Orc:1    | Entered Level 1 of the Orcish Mines
 16138 | Orc:2    | Entered Level 2 of the Orcish Mines
 16140 | Orc:2    | Found Rysy's Armour Shoppe.
 16147 | Orc:2    | Found a labyrinth entrance.
 16164 | Lab      | Entered a labyrinth
 17095 | Lab      | Noticed a minotaur
 17103 | Lab      | Killed a minotaur
 17105 | Lab      | Got a twitching platinum ring
 17166 | Lab      | Identified the ring of Ereus {Wiz rElec rPois} (You found it in a labyrinth)
 17353 | Orc:2    | Reached skill level 15 in Shields
 17731 | Orc:2    | Reached XP level 13. HP: 106/125 MP: 11/13
 17862 | Orc:1    | Reached skill level 3 in Armour
 17865 | Orc:1    | Reached ****** piety under Trog
 17934 | Orc:2    | Found a staircase to the Elven Halls.
 17954 | Orc:2    | Received a gift from Trog
 18210 | Orc:2    | Reached skill level 4 in Armour
 18306 | Orc:2    | Reached skill level 5 in Armour
 18834 | Orc:1    | Reached skill level 6 in Armour
 19647 | Orc:1    | Reached skill level 7 in Armour
 19760 | Orc:2    | Reached skill level 8 in Armour
 19762 | Orc:2    | Found Numypic's Food Shoppe.
 19762 | Orc:2    | Found Reatzuavi's Antique Weapon Boutique.
 19764 | Orc:2    | Found Jaheqow's Jewellery Shoppe.
 19764 | Orc:2    | Found Neunefo's Gadget Boutique.
 19960 | Elf:1    | Entered Level 1 of the Elven Halls
 20694 | Elf:1    | Received a gift from Trog
 20694 | Elf:1    | Reached skill level 9 in Armour
 21179 | Elf:1    | Noticed a deep elf death mage
 21193 | Elf:1    | Killed a deep elf death mage
 21200 | Elf:1    | Killed a ghostly deep elf death mage
 21521 | Elf:1    | Reached skill level 10 in Armour
 22674 | Elf:1    | Reached skill level 11 in Armour
 23222 | D:13     | Found a shimmering altar of Xom.
 23222 | D:13     | Found a shimmering altar of Xom.
 23222 | D:13     | Found a shimmering altar of Xom.
 23490 | D:13     | Received a gift from Trog
 23744 | D:14     | Found a gate to the Vaults.
 23782 | D:13     | Reached XP level 14. HP: 133/133 MP: 12/14
 23788 | D:13     | Reached skill level 12 in Armour
 24067 | D:13     | Noticed Rupert
 24087 | D:13     | Killed Rupert
 24700 | Lair:1   | Entered Level 1 of the Lair of Beasts
 24841 | Lair:1   | Reached skill level 13 in Armour
 27020 | Lair:2   | Reached skill level 14 in Armour
 27201 | Lair:2   | Received a gift from Trog
 27723 | Lair:2   | Reached skill level 1 in Maces & Flails
 27806 | Lair:2   | Found a staircase to the Shoals.
 28613 | Lair:3   | Found a hole to the Spider Nest.
 29032 | Lair:4   | Identified a scroll of acquirement
 29043 | Lair:4   | Got a jewelled executioner's axe
 29044 | Lair:4   | Identified the +1 executioner's axe "Hokajasa" {flame, rN+} (You acquired it on level 4 of the Lair of Beasts)
 29182 | Lair:4   | Reached skill level 15 in Armour
 29423 | Lair:4   | Identified Ochetuef's Tome of the Dark Snowflakes
 29512 | Lair:4   | Received a gift from Trog
 30136 | Lair:5   | Found a staircase to the Slime Pits.
 30310 | Lair:5   | Found a viscous altar of Jiyva.
 30515 | Lair:5   | Reached XP level 15. HP: 116/139 MP: 13/15
 30593 | Lair:5   | Reached skill level 16 in Armour
 31180 | Lair:6   | Entered Level 6 of the Lair of Beasts
 31955 | Lair:6   | Reached skill level 17 in Armour
 31955 | Lair:6   | Received a gift from Trog
 33544 | Lair:6   | Found a large runed door.
 33544 | Lair:6   | Found a large runed door.
 34165 | Elf:2    | Reached skill level 18 in Armour
 34908 | Elf:3    | Entered Level 3 of the Elven Halls
 35089 | Elf:3    | HP: 5/139 [poisoned by a glaive of venom]
 35488 | Elf:3    | Noticed an Ice Fiend
 36129 | Elf:3    | Noticed a Hell Sentinel
 36131 | Elf:3    | Noticed an Executioner
 36450 | Elf:3    | Noticed a deep elf elementalist
 36450 | Elf:3    | Noticed a deep elf elementalist
 36450 | Elf:3    | Noticed a deep elf elementalist
 36450 | Elf:3    | Noticed a deep elf master archer
 36469 | Elf:3    | Killed a deep elf elementalist
 36484 | Elf:3    | Noticed a deep elf sorcerer
 36487 | Elf:3    | Noticed a deep elf elementalist
 36487 | Elf:3    | Killed a deep elf sorcerer
 36489 | Elf:3    | Killed a deep elf elementalist
 36491 | Elf:3    | Killed from afar by a deep elf annihilator

Skill      XL: |  1  2  3  4  5  6  7  8  9 10 11 12 13 14 15 |
---------------+----------------------------------------------+-----
Fighting       | 4 5 6 8 12 14 | 14.7
Axes           | 5 6 8 10 12 | 12.4
Shields        | 1 4 6 11 15 | 15.1
Armour         | 11 15 18 | 18.8
Maces & Flails | 1 |  1.0
Dodging        | |  1.5

Action                   |  1- 3 |  4- 6 |  7- 9 | 10-12 | 13-15 || total
-------------------------+-------+-------+-------+-------+-------++-------
Melee: Hand axe          |   104 |   182 |   202 |       |       ||   488
       Falchion          |       |       |   115 |   588 |   614 ||  1317
       Executioner's axe |       |       |       |       |   406 ||   406
       Demon whip        |       |       |       |       |    21 ||    21
       War axe           |       |       |       |       |    15 ||    15
Invok: Berserk           |     1 |     2 |     5 |    15 |    12 ||    35
       Trog's Hand       |       |       |       |     1 |       ||     1
       Burn Spellbooks   |       |       |       |       |     1 ||     1
       Brothers in Arms  |       |       |       |       |     3 ||     3
 Abil: Stop Flying       |       |       |       |     1 |       ||     1
Evoke: Wand              |       |       |       |     5 |     4 ||     9
  Use: Scroll            |       |       |       |    17 |    16 ||    33
       Potion            |       |       |       |     1 |     5 ||     6
  Eat: Chunk             |     2 |    10 |    13 |    38 |    46 ||   109
       Ration            |       |       |     1 |     3 |     8 ||    12
Armor: Animal skin       |     5 |       |       |       |       ||     5
       Chain mail        |    47 |    92 |       |       |       ||   139
       Scale mail        |       |    42 |   131 |   283 |       ||   456
       Plate armour      |       |       |       |    36 |   918 ||   954
Dodge: Dodged            |    50 |    88 |   124 |   359 |   480 ||  1101
Block: Buckler           |       |       |    31 |   290 |   309 ||   630
       Rpst.: Falchion   |       |       |    21 |    97 |    55 ||   173
